Map: Kairos Junction LE

Players

uThermal - Winner!

  • Race: Terran Terran
  • Spawn Location: 5:00

Lambo

  • Race: Zerg Zerg
  • Spawn Location: 11:00

Event: 2019 WCS Spring

VOD

Have the link to the VOD?

Description

Time

  • Played on: May 18, 2019, 9:56 a.m.
  • Length: 7:22

All games in this series

Show
View Real Time Build Order
Export as new Build Order

uThermal Terran - Winner!

Build Orders: Reaper Expand, Hellion Banshee 

Get SALT Encoding   

  12  0:01  SCV  
  13  0:13  SCV  
  14  0:17  Supply Depot  
  14  0:25  SCV  
  15  0:39  SCV  
  15  0:40  Barracks  
  16  0:43  Refinery  
  16  0:51  SCV  
  17  1:03  SCV  
  18  1:15  SCV  
  19  1:27  Reaper, Orbital Command  
  20  1:39  Command Center  
  20  1:49  Supply Depot  
  20  1:53  SCV  
  21  1:59  Marine  
  22  2:05  SCV  
  22  2:07  Factory  
  23  2:12  Refinery  
  23  2:17  SCV  
  23  2:19  Barracks Reactor  
  24  2:29  SCV  
  25  2:42  SCV  
  26  2:51  Orbital Command  
  26  2:52  Starport  
  26  2:54  SCV  
  27  3:00  Hellion x2  
  27  3:02  Barracks Tech Lab  
  31  3:06  SCV  
  32  3:14  Supply Depot  
  32  3:17  SCV  
  32  3:18  SCV  
  34  3:22  Hellion x2  
  38  3:29  SCV  
  38  3:30  SCV  
  40  3:34  Cloaking Field  
  40  3:35  Viking  
  42  3:41  Supply Depot  
  42  3:43  SCV x2  
  42  3:45  Hellion  
  42  3:48  Hellion  
  48  3:55  SCV x2  
  50  4:04  Banshee  
  50  4:07  SCV x2  
  55  4:15  Barracks Tech Lab  
  55  4:18  Command Center  
  55  4:20  SCV x2  
  57  4:31  Factory Reactor  
  57  4:34  Barracks, Supply Depot  
  57  4:35  Stimpack, Barracks  
  57  4:36  Marine  
  59  4:38  SCV  
  59  4:40  SCV  
  60  4:49  Engineering Bay  
  60  4:51  Engineering Bay  
  59  4:52  SCV  
  59  4:53  SCV  
  59  4:57  Refinery, Marine  
  59  4:59  Refinery  
  61  5:05  SCV x2  
  63  5:13  Supply Depot  
  63  5:16  Marine  
  63  5:17  SCV  
  63  5:18  Starport Reactor, Siege Tank  
  68  5:23  Terran Infantry Weapons Level 1, Terran Infantry Armor Level 1  
  68  5:24  SCV  
  68  5:25  Marine  
  70  5:30  SCV, Marine x3  
  70  5:34  Marine  
  75  5:36  Orbital Command  
  75  5:39  SCV  
  76  5:43  Marine  
  76  5:48  Marine x3  
  76  5:50  Siege Tank  
  71  5:57  Marine  
  71  6:01  Marine  
  56  6:15  Marine  
  56  6:16  Marine  
  58  6:21  SCV  
  57  6:26  Marine  
  57  6:28  Siege Tank  
  61  6:32  Marine  
  61  6:34  Marine  
  62  6:44  Marine  
  63  6:50  Marine  
  63  6:51  Marine  
  63  7:02  Marine  
Show
View Real Time Build Order
Export as new Build Order

Lambo Zerg 

Build Orders: Hatch First 

Get SALT Encoding   

  12  0:00  Drone  
  13  0:13  Overlord  
  13  0:17  Drone  
  14  0:33  Drone x2  
  16  0:48  Hatchery  
  15  0:52  Drone  
  15  0:55  Drone  
  17  0:59  Drone  
  18  1:09  Extractor  
  17  1:14  Spawning Pool  
  17  1:17  Drone  
  17  1:19  Drone  
  18  1:29  Drone  
  19  1:40  Drone  
  20  1:53  Drone  
  21  2:00  Queen x2  
  25  2:02  Zergling x4  
  27  2:14  Hatchery  
  26  2:18  Overlord  
  26  2:23  Drone  
  26  2:27  Spore Crawler  
  26  2:34  Drone x2  
  26  2:35  Metabolic Boost  
  29  2:38  Drone  
  29  2:41  Drone  
  31  2:51  Queen  
  33  2:54  Overlord  
  33  2:58  Drone  
  33  3:02  Drone  
  33  3:03  Drone  
  36  3:14  Drone  
  36  3:15  Drone  
  38  3:20  Drone x2  
  38  3:26  Overlord  
  40  3:27  Drone  
  40  3:28  Queen  
  40  3:30  Lair  
  40  3:31  Zergling x2  
  44  3:37  Zergling x4  
  44  3:40  Overlord  
  46  3:46  Queen  
  46  3:47  Drone  
  46  3:48  Drone  
  50  3:50  Drone  
  50  3:53  Drone x2  
  53  4:00  Overlord, Drone  
  54  4:03  Zergling x2  
  54  4:04  Zergling x2  
  54  4:07  Queen  
  58  4:14  Overlord  
  58  4:17  Zergling x4  
  58  4:18  Zergling x4  
  58  4:24  Zergling x6  
  64  4:27  Zergling x2  
  62  4:32  Queen x2  
  62  4:35  Overseer  
  66  4:42  Nydus Network  
  66  4:43  Zergling x2  
  66  4:47  Overlord  
  66  4:49  Overlord  
  66  4:54  Overlord  
  66  5:00  Overlord  
  66  5:01  Overlord  
  66  5:02  Overlord  
  66  5:04  Overlord  
  66  5:05  Zergling x6  
  68  5:10  Overlord  
  68  5:11  Zergling x4  
  68  5:13  Zergling x2  
  68  5:14  Zergling x2  
  72  5:18  Nydus Canal  
  72  5:19  Zergling x2  
  72  5:20  Zergling x4  
  75  5:23  Zergling x4  
  75  5:24  Zergling x2  
  75  5:25  Zergling x2  
  75  5:26  Zergling x2  
  75  5:28  Zergling x2  
  81  5:32  Zergling x4  
  81  5:35  Spore Crawler  
  80  5:37  Zergling x4  
  80  5:39  Zergling x2  
  80  5:42  Zergling x2  
  81  5:45  Zergling x2  
  81  5:48  Zergling x2, Nydus Canal  
  73  5:57  Zergling x2  
  73  5:59  Zergling x8  
  70  6:04  Zergling x2  
  70  6:07  Zergling x2  
  70  6:10  Zergling x2  
  68  6:12  Queen x2  
  68  6:13  Zergling x2  
  66  6:20  Zergling x4  
  66  6:25  Zergling x2  
  69  6:32  Zergling x2  
  69  6:33  Zergling x2  
  69  6:37  Zergling x2  
  65  6:42  Zergling x4  
  65  6:44  Zergling x2  
  68  6:50  Zergling x2  
  68  6:54  Zergling x2  
  70  6:58  Zergling x2  
  66  7:04  Zergling x4  
  66  7:05  Nydus Canal  
Tags
 
Add a new tag
Caveats
  • Supply blocks, unpowered buildings, or Contaminate may cause inaccurate times.
  • Supply counts are checked every 10 seconds.